 Dungeon Crawl Stone Soup version 0.21.1-1-g345015f (webtiles) character file.

325 inc the Conjurer (level 6, -7/36 HPs)
             Began as an Octopode Conjurer on June 12, 2018.
             Mangled by an orc warrior
             ... wielding a +0 long sword
              (11 damage)
             ... on level 3 of the Dungeon.
             The game lasted 00:04:06 (2767 turns).

inc the Conjurer (Octopode Conjurer)                Turns: 2767, Time: 00:04:07

Health: -7/36      AC:  1    Str:  8    XL:     6   Next: 48%
Magic:  1/12       EV: 13    Int: 19    God:
Gold:   105        SH:  0    Dex: 12    Spells: 8/14 levels left

rFire    . . .     SeeInvis .   (no weapon)
rCold    . . .     Gourm    .   (no shield)
rNeg     . . .     Faith    .   (helmet restricted)
rPois    .         Spirit   .   (no amulet)
rElec    .         Reflect  .   (no ring)
rCorr    .         Harm     .   (no ring)
MR       .....                  (no ring)
Stlth    +++.......             (no ring)
HPRegen  0.12/turn              (no ring)
MPRegen  0.13/turn              (no ring)
                                (no ring)
                                (no ring)

@: no status effects
A: almost no armour, stealthy swim, amphibious, 8 rings, constrict 8, camouflage
1, gelatinous body 1
a: no special abilities


You were on level 3 of the Dungeon.
You were very hungry.

You visited 1 branch of the dungeon, and saw 3 of its levels.

You collected 105 gold pieces.

Inventory:

Wands
 q - a wand of flame (32)
Scrolls
 d - a scroll of random uselessness {unknown}
 e - a scroll of magic mapping {unknown}
 f - a scroll of fog {unknown}
 g - 3 scrolls of identify {unknown}
 m - a scroll of fear {unknown}
 o - a scroll of enchant weapon {unknown}
 p - a scroll of enchant armour {unknown}
Potions
 c - 3 potions of haste {unknown}
 h - a potion of curing {unknown}
 i - a potion of agility {unknown}
 j - a potion of degeneration {unknown}
 k - a potion of mutation {unknown}
 l - a potion of lignification {unknown}
 n - a potion of flight {unknown}
Books
 a - a book of Conjurations

   Spells                             Type                      Level
   a - Magic Dart                     Conjuration                  1
   b - Searing Ray                    Conjuration                  2
   c - Dazzling Spray                 Conjuration/Hexes            3
   d - Fulminant Prism                Conjuration/Hexes            4
   e - Force Lance                    Conjuration/Translocation    4
   f - Iskenderun's Mystic Blast      Conjuration                  4
Comestibles
 b - 5 rations


   Skills:
 - Level 2.0 Dodging
 - Level 2.6 Stealth
 + Level 4.5 Spellcasting
 + Level 6.0 Conjurations


You had 8 spell levels left.
You knew the following spells:

 Your Spells              Type           Power        Failure   Level  Hunger
a - Magic Dart            Conj           ####         1%          1    None
b - Searing Ray           Conj           ####..       1%          2    #......
c - Dazzling Spray        Conj/Hex       ###...       11%         3    ###....


Dungeon Overview and Level Annotations

Branches:
Dungeon (3/15)

Altars:


Innate Abilities, Weirdness & Mutations

You cannot wear most types of armour.
You are very stealthy in the water. (Stealth+)
You are amphibious.
You can wear up to eight rings at the same time.
You can use your tentacles to constrict eight enemies at once.
Your skin changes colour to match your surroundings (Stealth+).
Your rubbery body absorbs attacks. (AC +1, EV +1)


Message History

You kill the frilled lizard!
You finish channeling your searing ray.
You constrict the orc warrior, but do no damage.
The orc warrior closely misses you.
Casting: Searing Ray
Confirm with . or Enter, or press ? or * to list all spells.
Aiming: Searing Ray
Press: ? - help, Shift-Dir - straight line, f/p - orc warrior
Aim: an orc warrior, wielding a long sword and wearing a plate armour (severely wounded, constricted by you)
The searing ray hits the orc warrior.
The orc warrior is severely wounded. (Press . to maintain the ray.)
You constrict the orc warrior, but do no damage.
The orc warrior hits you with a long sword!
* * * LOW HITPOINT WARNING * * *
The searing ray hits the orc warrior.
The orc warrior is severely wounded.
You constrict the orc warrior, but do no damage.
The orc warrior hits you with a long sword!
You die...

######## #......#
#......# #......#
#......##### #########
#......oo@.#####.......#
#......###.....#.......#
#......# #####.#.......#
#......# #.#.......#
#......# #.#..........
###...## ###.#........##
###.######...........#
#l##.....###.......##
#.##.########.......#


You could see an orc warrior and an orc.

Vanquished Creatures
  Sigmund (D:2)
  Ijyb (D:3)
  Terence (D:2)
  A howler monkey zombie (D:2)
  5 adders (D:2)
  A worm (D:3)
  An orc (D:3)
  11 bats
  5 giant cockroaches
  9 goblins
  3 hobgoblins (D:1)
  4 jackals (D:1)
  A quokka (D:2)
  A ball python (D:2)
  8 frilled lizards
  5 kobolds (D:1)
  8 rats
66 creatures vanquished.

Notes
Turn   | Place    | Note
-------+----------+-------------------------------------------
     0 | D:1      | inc the Octopode Conjurer began the quest for the Orb.
     0 | D:1      | Reached XP level 1. HP: 11/11 MP: 3/3
   145 | D:1      | Reached XP level 2. HP: 12/17 MP: 0/5
   391 | D:1      | Reached XP level 3. HP: 3/21 MP: 0/6
  1177 | D:2      | Learned a level 2 spell: Searing Ray
  1181 | D:2      | Learned a level 3 spell: Dazzling Spray
  1454 | D:2      | Reached XP level 4. HP: 27/27 MP: 5/8
  1562 | D:2      | Noticed Sigmund
  1582 | D:2      | Killed Sigmund
  1582 | D:2      | Reached skill level 5 in Conjurations
  1582 | D:2      | Reached XP level 5. HP: 6/31 MP: 1/11
  1582 | D:2      | Reached XP level 6. HP: 7/36 MP: 1/12
  2134 | D:2      | Noticed Terence
  2139 | D:2      | Killed Terence
  2216 | D:3      | Noticed Ijyb
  2216 | D:3      | Noticed an orc warrior
  2440 | D:3      | Reached skill level 6 in Conjurations
  2605 | D:3      | Killed Ijyb
  2767 | D:3      | Mangled by an orc warrior

Skill      XL: |  1  2  3  4  5  6 |
---------------+-------------------+-----
Spellcasting   | 3 4 |  4.5
Conjurations   | 5 6 |  6.0
Dodging        | |  2.0
Stealth        | |  2.6

Action                   |  1- 3 |  4- 6 || total
-------------------------+-------+-------++-------
Melee: Unarmed           |    29 |    10 ||    39
       Tentacles         |     6 |     3 ||     9
       Constrict         |     7 |     4 ||    11
 Cast: Magic Dart        |    62 |    50 ||   112
       Searing Ray       |     2 |     9 ||    11
  Eat: Chunk             |     2 |     3 ||     5
Armor: Skin              |     8 |     1 ||     9
Dodge: Dodged            |    31 |    16 ||    47
